 Dungeon Crawl Stone Soup version 0.27.0-1-g7a089689b8 (webtiles) character file.

Game seed: 15083219230027738045

580 nicksoapdish the Chopper (level 7, -1/46 HPs)
             Began as a Demonspawn Gladiator on Aug 4, 2021.
             Slain by Pikel (2 damage)
             ... on level 5 of the Dungeon.
             The game lasted 00:12:44 (5512 turns).

nicksoapdish the Chopper (Demonspawn Gladiator)     Turns: 5512, Time: 00:12:45

Health: -1/46      AC:  9    Str: 16    XL:     7   Next: 13%
Magic:  7/7        EV: 11    Int:  9    God:
Gold:   236        SH:  4    Dex: 15    Spells: 6/6 levels left

rFire    . . .     SeeInvis .   a - +0 war axe
rCold    + . .     Faith    .   (no shield)
rNeg     . . .     Spirit   .   q - +0 scale mail
rPois    .         Reflect  .   (helmet restricted)
rElec    .         Harm     .   r - +1 cloak {rCorr}
rCorr    +         Rampage  .   (no gloves)
Will     .....                  (no boots)
Stlth    +.........             (no amulet)
HPRegen  0.15/turn              e - ring of protection from cold
MPRegen  0.10/turn              (no ring)

@: no status effects
A: antennae 2, sturdy frame 1, condensation shield, large bone plates 1, frail 1
a: no special abilities


You were on level 5 of the Dungeon.
You visited 1 branch of the dungeon, and saw 5 of its levels.

You collected 236 gold pieces.

Inventory:

Hand Weapons
 a - a +0 war axe (weapon)
Missiles
 d - 3 throwing nets (quivered)
Armour
 b - a +0 leather armour
 c - a +0 helmet
 j - a +0 ring mail
 n - a +0 chain mail
 q - a +0 scale mail (worn)
 r - a +1 cloak of preservation (worn)
Jewellery
 e - a ring of protection from cold (left hand)
Wands
 p - a wand of iceblast (12)
Scrolls
 f - a scroll of enchant armour
 g - a scroll of teleportation
 i - a scroll of blinking {unknown}
 k - 2 scrolls of fog {unknown}
 l - a scroll of amnesia {unknown}
 o - a scroll of magic mapping {unknown}
Potions
 s - a potion of flight {unknown}


   Skills:
 * Level 3.3 Fighting
 * Level 6.1 Axes
 - Level 1.7 Throwing
 * Level 3.2 Armour
 - Level 2.6 Dodging
 - Level 0.1 Shields


You had 6 spell levels left.
You didn't know any spells.
Your spell library contained the following spells:

 Spells                   Type           Power      Damage    Failure   Level
 Corpse Rot               Necr/Air       N/A        N/A       80%         2
 Slow                     Hex            0%         N/A       80%         2
 Confusing Touch          Hex            0%         N/A       95%         3
 Vampiric Draining        Necr           0%         2d6       95%         3
 Dispel Undead            Necr           0%         3d6       100%        4
 Death Channel            Necr           0%         N/A       100%        6


Dungeon Overview and Level Annotations

Branches:
Dungeon (5/15)
 Temple: D:4-7

Altars:

Shops:
D:1 (

Annotations:
D:5 Pikel


Innate Abilities, Weirdness & Mutations

You have a pair of antennae on your head.
Your movements are slightly less encumbered by armour. (ER -2)
A meltable shield of frost defends you. (SH +0)
You are partially covered in large bone plates. (SH +4)
You are frail. (-10% HP)


Message History

You hit Pikel but do no damage. You block Pikel's attack.
Okay, then.
You hit Pikel.
Pikel is lightly wounded.
Pikel barely misses you.
You closely miss Pikel.
Pikel is lightly wounded.
Pikel hits you but does no damage.
You slash Pikel!
Pikel is moderately wounded.
Pikel hits you but does no damage.
You hit Pikel.
Pikel is heavily wounded.
Pikel hits you with a +2 whip of flaming.
* * * LOW HITPOINT WARNING * * *
Pikel burns you.
* * * LOW HITPOINT WARNING * * *
A lemure comes into view.
You feel better.
Pikel hits you with a +2 whip of flaming.
* * * LOW HITPOINT WARNING * * *
Pikel burns you.
* * * LOW HITPOINT WARNING * * *
You hit Pikel but do no damage.
Pikel is heavily wounded.
Pikel closely misses you.
A lemure comes into view.
Pikel hits you with a +2 whip of flaming.
* * * LOW HITPOINT WARNING * * *
Pikel burns you.
* * * LOW HITPOINT WARNING * * *
You hit Pikel.
Pikel is heavily wounded.
Pikel hits you but does no damage.
You hit Pikel but do no damage.
Pikel is moderately wounded.
Pikel hits you with a +2 whip of flaming.
* * * LOW HITPOINT WARNING * * *
Pikel burns you.
You die...

##...## #.# ##...."## ###
#.# ##.......## ##.###.#
#.........####...##.#
+.........+..........
#.........####...##.#
#.......# ##.##..#
##.....## ####.## ##@..##
#.# ##K## #.# #5# #.#
#####5############.#
#{...5##.>......##.#
.#######.###..#.##........#
.........# #....##.###.####
.#######.###..#.##.# #.#
#.....##.##.# #.#


You could see Pikel and 3 lemures.

Vanquished Creatures
  Menkaure (D:5)
  A water moccasin skeleton (D:4)
  3 jellies (D:3)
  Crazy Yiuf (D:5)
  A centaur skeleton (D:5)
  A bullfrog skeleton (D:5)
  2 iguanas
  A hound zombie (D:5)
  6 adders
  A white imp (D:5)
  An ufetubus (D:4)
  A worm (D:3)
  5 dart slugs
  4 orcs
  15 endoplasms
  A giant cockroach (D:1)
  3 goblins
  4 hobgoblins
  4 jackals (D:2)
  17 kobolds
  3 quokkas
  5 ball pythons
  6 bats
  3 frilled lizards
  8 rats
98 creatures vanquished.

Vanquished Creatures (others)
  3 fungi (D:3)
  5 toadstools (D:3)
8 creatures vanquished.

Grand Total: 106 creatures vanquished

Notes
Turn   | Place    | Note
-------+----------+-------------------------------------------
     0 | D:1      | nicksoapdish the Demonspawn Gladiator began the quest for
                  | the Orb.
     0 | D:1      | Reached XP level 1. HP: 16/16 MP: 1/1
    99 | D:1      | Reached skill level 3 in Axes
   320 | D:1      | Found a faded altar of an unknown god.
   326 | D:1      | Gained mutation: Your movements are slightly less
                  | encumbered by armour. (ER -2) [demonic ancestry]
   326 | D:1      | Reached XP level 2. HP: 18/22 MP: 2/2
   944 | D:1      | Found Ifuudire's Antique Weapon Emporium.
  1077 | D:1      | Reached XP level 3. HP: 26/27 MP: 3/3
  1235 | D:2      | Reached skill level 1 in Armour
  1887 | D:2      | Gained mutation: A meltable shield of frost defends you.
                  | (SH +0) [demonic ancestry]
  1887 | D:2      | Reached XP level 4. HP: 34/34 MP: 4/4
  2105 | D:3      | Reached skill level 4 in Axes
  2305 | D:3      | HP: 1/34 [iguana (11)]
  2306 | D:3      | Gained mutation: You are weak. (Str -2) [potion of
                  | mutation]
  2306 | D:3      | Gained mutation: You possess an exceptional clarity of
                  | mind. [potion of mutation]
  2959 | D:3      | Gained mutation: You have a pair of small antennae on your
                  | head. [demonic ancestry]
  2959 | D:3      | Reached XP level 5. HP: 18/39 MP: 5/5
  3230 | D:3      | Reached skill level 5 in Axes
  3446 | D:3      | Lost mutation: You possess an exceptional clarity of mind.
                  | [potion of mutation]
  3446 | D:3      | Lost mutation: You are weak. (Str -2) [potion of mutation]
  3446 | D:3      | Gained mutation: You are frail. (-10% HP) [potion of
                  | mutation]
  3446 | D:3      | Gained mutation: You are partially covered in large bone
                  | plates. (SH +4) [potion of mutation]
  4003 | D:4      | Reached XP level 6. HP: 15/42 MP: 6/6
  4812 | D:5      | Entered Level 5 of the Dungeon
  5137 | D:5      | Found a runed translucent door.
  5138 | D:5      | Noticed Crazy Yiuf
  5143 | D:5      | Killed Crazy Yiuf
  5432 | D:5      | Noticed Menkaure
  5442 | D:5      | Killed Menkaure
  5443 | D:5      | Reached skill level 6 in Axes
  5443 | D:5      | Gained mutation: You have a pair of antennae on your head.
                  | [demonic ancestry]
  5443 | D:5      | Reached XP level 7. HP: 32/46 MP: 7/7
  5492 | D:5      | Noticed Pikel
  5512 | D:5      | HP: 1/46 [Pikel (6)]
  5512 | D:5      | Slain by Pikel

Illustrated notes

Levels and vault maps discovered:
D:1:      nzn_arrival_water_spiral, layout_basic,
          chequers_ecumenical_altar_simple_redux, serial_shops,
          nicolae_shop_stone, minmay_pentomino_q2
D:2:      layout_rooms, hangedman_decor_peaks_small
D:3:      cheibrodos_fertilizer, layout_loops_cross
D:4:      layout_gridville, roderic_lattice_a, minmay_misc_feat_rugged,
          kennysheep_generic_room_10
D:5:      layout_loops_corners, uniq_crazy_yiuf_cottage, uniq_menkaure,
          uniq_pikel

Skill      XL: |  1  2  3  4  5  6 |
---------------+-------------------+-----
Axes           | 3 4 5 6 |  6.1
Armour         | 1 2 3 |  3.2
Fighting       | 3 |  3.3
Throwing       | |  1.7
Dodging        | |  2.6
Shields        | |  0.1

Action                   |  1- 3 |  4- 6 |  7- 9 || total
-------------------------+-------+-------+-------++-------
Melee: War axe           |   111 |   177 |    15 ||   303
  Use: Scroll            |     4 |     4 |       ||     8
       Potion            |       |     6 |     1 ||     7
Armor: Leather armour    |    16 |       |       ||    16
       Ring mail         |    33 |    35 |       ||    68
       Scale mail        |       |    14 |     8 ||    22
Dodge: Dodged            |    88 |    85 |     4 ||   177
Block: Other             |       |    52 |     6 ||    58
